Map: Equilibrium LE

Players

SubN - Winner!

  • Race: Zerg Zerg
  • League: Diamond
  • Spawn Location: 11:00

Dauntith

  • Race: Protoss Protoss
  • League: Platinum
  • Spawn Location: 1:00

VOD

Have the link to the VOD?

Description

Time

  • Played on: Dec. 19, 2023, 11:11 a.m.
  • Length: 13:12
Show
View Real Time Build Order
Export as new Build Order

SubN Zerg - Winner!

Build Orders: Hatch First 

Get SALT Encoding   

  12  0:00  Drone  
  13  0:12  Overlord  
  13  0:17  Drone  
  14  0:31  Drone x2  
  16  0:49  Hatchery  
  15  0:53  Drone  
  16  0:58  Extractor  
  16  1:00  Drone  
  16  1:03  Drone  
  17  1:16  Spawning Pool  
  16  1:19  Drone  
  16  1:23  Drone  
  18  1:30  Drone  
  19  1:38  Drone  
  20  1:50  Overlord  
  20  2:03  Queen x2  
  20  2:08  Metabolic Boost  
  24  2:14  Drone  
  25  2:25  Zergling x2  
  25  2:27  Zergling x4  
  28  2:31  Drone x2  
  30  2:38  Drone  
  31  2:47  Drone x2  
  33  2:58  Queen  
  33  2:59  Spine Crawler  
  33  3:00  Queen  
  33  3:01  Spine Crawler  
  35  3:06  Zergling x2  
  36  3:14  Overlord  
  36  3:16  Overlord  
  36  3:30  Zergling x2  
  35  3:38  Zergling x14  
  35  3:39  Zergling x4  
  38  4:00  Drone x8  
  44  4:15  Drone x2  
  44  4:16  Overlord  
  46  4:19  Queen  
  46  4:21  Queen  
  50  4:28  Overlord  
  50  4:40  Hatchery  
  49  4:48  Drone x4  
  49  4:49  Extractor  
  52  5:08  Drone x2  
  52  5:09  Drone x2  
  52  5:10  Drone x2  
  52  5:13  Extractor  
  56  5:18  Drone  
  57  5:23  Zergling x2  
  57  5:25  Roach Warren  
  57  5:30  Drone x3  
  57  5:32  Drone x2  
  62  5:38  Drone x2  
  64  5:45  Evolution Chamber  
  64  5:46  Lair  
  64  5:47  Evolution Chamber  
  62  5:50  Drone x4  
  62  5:51  Queen  
  68  6:04  Overlord  
  68  6:06  Overlord  
  68  6:08  Overlord  
  68  6:14  Queen  
  68  6:18  Overlord x3  
  70  6:21  Zerg Ground Armor Level 1, Zerg Missile Weapons Level 1  
  70  6:27  Queen  
  70  6:29  Drone x4  
  77  6:32  Drone  
  77  6:33  Drone x6, Extractor  
  82  6:47  Overseer  
  82  6:49  Queen  
  84  7:03  Drone x2, Queen, Spore Crawler  
  84  7:04  Drone x2  
  84  7:05  Spore Crawler  
  84  7:07  Extractor  
  87  7:22  Hydralisk Den  
  86  7:23  Drone  
  86  7:25  Drone  
  88  7:52  Drone x4  
  88  7:55  Extractor  
  88  7:56  Grooved Spines  
  91  7:59  Hatchery, Overlord x3  
  91  8:00  Overlord x3  
  91  8:01  Overseer  
  90  8:15  Overseer  
  90  8:21  Overlord x4  
  90  8:23  Overseer  
  90  8:25  Overlord  
  90  8:26  Overlord  
  90  8:27  Roach  
  90  8:28  Roach x6  
  90  8:31  Zerg Missile Weapons Level 2  
  90  8:32  Zerg Ground Armor Level 2  
  90  8:33  Glial Reconstitution  
  104  8:47  Muscular Augments  
  104  8:53  Drone x8  
  112  9:01  Zergling x4  
  114  9:03  Zergling x2  
  114  9:09  Drone  
  116  9:13  Infestation Pit  
  115  9:27  Hydralisk  
  115  9:28  Hydralisk x12  
  141  9:36  Queen  
  143  9:43  Hydralisk  
  143  9:44  Hydralisk x8  
  158  10:10  Roach x2  
  158  10:11  Roach x13  
  188  10:19  Hive  
  188  10:22  Drone x3, Extractor  
  188  10:23  Drone  
  188  10:24  Extractor  
  190  10:31  Overlord  
  190  10:32  Overlord x3  
  190  10:34  Pneumatized Carapace  
  147  11:13  Zergling x2  
  147  11:14  Zergling x26  
  159  11:20  Drone x4  
  157  11:31  Hydralisk  
  157  11:32  Hydralisk x9  
  167  11:34  Viper x2  
  167  11:35  Viper x2  
  167  11:39  Overseer x2  
  189  11:42  Overlord x2  
  189  11:49  Drone x2  
  189  11:50  Drone  
  186  12:07  Hatchery  
  184  12:09  Extractor  
  184  12:12  Extractor  
  170  12:41  Hydralisk x7  
  170  12:42  Hydralisk x7  
Show
View Real Time Build Order
Export as new Build Order

Dauntith Protoss 

Build Orders:  

Get SALT Encoding   

  12  0:04  Probe  
  13  0:15  Pylon  
  13  0:18  Probe  
  14  0:30  Probe  
  15  0:43  Probe  
  16  0:55  Probe  
  17  1:07  Probe  
  18  1:19  Gateway, Probe  
  18  1:21  Gateway x2  
  18  1:24  Pylon  
  19  1:32  Probe  
  20  1:35  Pylon  
  20  1:54  Probe  
  21  2:06  Zealot (Chrono Boost)  
  21  2:07  Zealot (Chrono Boost)  
  21  2:08  Zealot (Chrono Boost)  
  25  2:14  Probe  
  28  2:24  Zealot (Chrono Boost)  
  28  2:25  Zealot  
  28  2:26  Zealot  
  28  2:28  Assimilator  
  34  2:31  Cybernetics Core  
  34  2:33  Probe  
  34  2:36  Assimilator  
  35  2:57  Nexus  
  34  3:01  Probe  
  35  3:16  Probe  
  36  3:21  Adept  
  36  3:26  Shield Battery  
  38  3:28  Probe  
  27  4:06  Stargate  
  27  4:10  Probe x2 (Chrono Boost)  
  29  4:17  Warp Gate  
  29  4:20  Probe x2 (Chrono Boost)  
  29  4:23  Robotics Facility  
  31  4:25  Probe x2 (Chrono Boost)  
  31  4:29  Assimilator  
  31  4:31  Assimilator  
  33  4:35  Pylon  
  33  4:36  Probe  
  33  4:37  Probe  
  35  4:42  Adept (Chrono Boost)  
  39  4:47  Adept (Chrono Boost)  
  39  4:48  Probe  
  39  4:49  Probe  
  43  4:54  Adept (Chrono Boost)  
  43  5:00  Probe  
  43  5:01  Probe  
  43  5:02  Shield Battery  
  43  5:03  Adept (Chrono Boost)  
  47  5:12  Probe  
  47  5:13  Probe  
  49  5:28  Void Ray (Chrono Boost)  
  53  5:33  Probe x2  
  55  5:45  Probe  
  55  5:46  Probe  
  55  5:49  Robotics Bay  
  57  5:51  Pylon  
  57  5:53  Forge  
  57  5:57  Probe  
  57  5:58  Twilight Council  
  57  6:00  Void Ray  
  62  6:10  Probe x2  
  65  6:21  Observer  
  65  6:22  Probe x2  
  67  6:26  Stalker  
  67  6:30  Protoss Air Weapons Level 1  
  67  6:31  Nexus  
  69  6:34  Pylon, Probe  
  69  6:36  Pylon  
  69  6:38  Charge  
  69  6:39  Pylon  
  70  6:43  Assimilator  
  70  6:47  Assimilator  
  70  6:53  Adept x2  
  75  6:56  Observer, Adept  
  77  7:05  Probe x2  
  80  7:17  Observer, Probe  
  80  7:20  Extended Thermal Lance  
  81  7:29  Zealot x3  
  87  7:32  Probe x2  
  89  7:42  Colossus  
  89  7:44  Probe x2  
  97  7:49  Probe  
  98  7:54  Photon Cannon  
  98  7:55  Gateway  
  98  7:56  Probe x2  
  100  8:00  Photon Cannon  
  100  8:02  Protoss Ground Weapons Level 1, Probe  
  101  8:08  Probe x2  
  103  8:14  Probe  
  103  8:20  Probe x2  
  103  8:26  Probe  
  106  8:32  Probe x2  
  108  8:38  Probe  
  109  8:56  Pylon x3  
  109  8:58  Pylon  
  109  9:01  Gateway  
  109  9:02  Forge  
  109  9:03  Forge  
  109  9:04  Gateway  
  109  9:05  Templar Archives  
  109  9:06  Gateway  
  109  9:13  Colossus  
  109  9:14  Probe x3  
  118  9:22  Nexus  
  118  9:24  Pylon  
  118  9:25  Pylon x3  
  118  9:26  Probe x2  
  118  9:29  Probe  
  118  9:31  Assimilator  
  121  9:34  Assimilator  
  121  9:38  Probe x2  
  123  9:39  Robotics Facility  
  123  9:40  Protoss Shields Level 1  
  123  9:42  Pylon  
  123  9:44  Adept  
  123  9:45  Adept x2  
  129  9:51  Adept  
  131  10:09  Zealot  
  131  10:10  Zealot x4  
  131  10:11  Observer  
  141  10:23  Photon Cannon  
  141  10:25  Photon Cannon  
  141  10:26  Photon Cannon  
  141  10:28  Colossus, Photon Cannon  
  141  10:31  Gateway, Shield Battery  
  141  10:33  Shield Battery  
  141  10:35  Shield Battery  
  147  10:36  Gateway  
  147  10:38  Gateway  
  147  10:40  Observer  
  116  10:50  Zealot x6  
  116  10:51  Zealot  
  106  11:01  Observer  
  79  11:13  Zealot x4  
  79  11:14  Zealot x2  
  85  11:23  Observer  
  61  11:33  Psionic Storm  
  61  11:35  Gravitic Boosters  
  61  11:38  Immortal  
  65  11:41  Immortal  
  70  11:47  Probe x3  
  70  11:51  Adept  
  73  11:59  Probe x3  
  66  12:07  High Templar x3  
  66  12:08  High Templar x5  
  71  12:11  Probe x2  
  71  12:14  Archon x3  
  71  12:15  Archon  
  72  12:16  Colossus  
  72  12:17  Zealot  
  55  12:40  High Templar x5  
  55  12:41  High Templar  
  59  12:45  Archon  
  59  12:46  Archon  
  59  12:47  Archon  
Tags
 
Add a new tag
Caveats
  • Supply blocks, unpowered buildings, or Contaminate may cause inaccurate times.
  • Supply counts are checked every 10 seconds.